[Event "FIDE World Rapid-ch Open 2018"]
[White "Masrahi, Abdulrahman A"]
[Black "Zubritskiy, Artyom"]
[Site "St. Petersburg"]
[Round "6.97"]
[Annotator "NA"]
[Result "0-1"]
[Date "2018.12.27"]
[WhiteElo "1903"]
[BlackElo "2442"]
[PlyCount "76"]
[TimeControl "900+10"]

1. d4 d5 2. Bf4 Nf6 3. e3 c5 4. c3 Nc6 5. Nd2 g6 6. Ngf3 Bg7 7. Be2 0-0 8. 0-0 Nh5 9. dxc5 Nxf4 10. exf4 Qc7 11. g3 Rd8 12. Nb3 b6 13. cxb6 Qxb6 14. Nfd4 Rb8 15. Qd2 Bd7 16. Rab1 e6 17. Nxc6 Bxc6 18. Nd4 Bd7 19. h4 Qa5 20. a3 Qc7 21. b4 Rbc8 22. Rbc1 Qb6 23. h5 Rc7 24. hxg6 hxg6 25. Nb3 Rdc8 26. Nc5 Bc6 27. Ba6 Rd8 28. a4 Bxa4 29. Nxa4 Qxa6 30. Nc5 Qc4 31. Kg2 a5 32. Rh1 Ra8 33. Rh4 d4 34. cxd4 Qd5+ 35. Kg1 axb4 36. Rh2 Qxd4 37. Qxd4 Bxd4 38. Nb3 Rxc1+ 0-1

[Event "FIDE World Rapid-ch Open 2018"]
[White "Tsoi, Dmitry"]
[Black "Alsulaymi, Abdullah M"]
[Site "St. Petersburg"]
[Round "6.98"]
[Annotator "NA"]
[Result "1-0"]
[Date "2018.12.27"]
[WhiteElo "2424"]
[BlackElo "1833"]
[PlyCount "77"]
[TimeControl "900+10"]

1. Nf3 Nf6 2. g3 g6 3. Bg2 Bg7 4. 0-0 0-0 5. c4 d6 6. Nc3 c5 7. d3 Nc6 8. a3 a6 9. Rb1 Bd7 10. Bg5 h6 11. Bd2 Kh8 12. b4 cxb4 13. axb4 Rb8 14. b5 axb5 15. Nxb5 Ng4 16. Bc3 Nce5 17. Qd2 Bxb5 18. Rxb5 g5 19. Nxe5 Nxe5 20. f4 gxf4 21. gxf4 Ng4 22. Bxg7+ Kxg7 23. Rf3 Rg8 24. Rg3 Kf8 25. f5 Ra8 26. h3 Ra1+ 27. Bf1 Rxf1+ 28. Kxf1 Nh2+ 29. Kg2 Rxg3+ 30. Kxh2 Rg5 31. Qf4 Qa8 32. h4 Rg8 33. Qxh6+ Ke8 34. Qh7 Kd7 35. Qxf7 b6 36. Qe6+ Kc7 37. Qxe7+ Kc8 38. Qe6+ Kc7 39. Qf7+ 1-0

[Event "FIDE World Rapid-ch Open 2018"]
[White "Borisenko, Viacheslav"]
[Black "Ahmed Hassan Abdillahi"]
[Site "St. Petersburg"]
[Round "6.99"]
[Annotator "NA"]
[Result "1-0"]
[Date "2018.12.27"]
[WhiteElo "2289"]
[BlackElo "1570"]
[PlyCount "65"]
[TimeControl "900+10"]

1. e4 c5 2. Nf3 g6 3. c3 Bg7 4. d4 cxd4 5. cxd4 Nf6 6. Nc3 Qa5 7. Bd2 Qd8 8. e5 Ng8 9. Bc4 e6 10. Ne4 d5 11. Nd6+ Qxd6 12. exd6 dxc4 13. 0-0 Nf6 14. Rc1 b5 15. b3 Bd7 16. bxc4 bxc4 17. Rxc4 0-0 18. Rc7 Bb5 19. Re1 Nd5 20. Qb3 a6 21. a4 Bd7 22. Ne5 Bxe5 23. dxe5 Nxc7 24. dxc7 Nc6 25. Bg5 Rfc8 26. Bf6 Rxc7 27. Qe3 Ne7 28. Bxe7 f5 29. exf6 Bc8 30. Qh6 Rxe7 31. fxe7 Bd7 32. Rd1 Rc8 33. Rxd7 1-0

[Event "FIDE World Rapid-ch Open 2018"]
[White "Al Thebaiti, Ahmed M"]
[Black "Vishnu Prasanna. V"]
[Site "St. Petersburg"]
[Round "6.100"]
[Annotator "ChessBase"]
[Result "0-1"]
[Date "2018.12.27"]
[WhiteElo "1976"]
[BlackElo "2518"]
[PlyCount "86"]
[TimeControl "900+10"]

1. d4 Nf6 2. Bf4 e6 3. e3 c5 4. c3 Nc6 5. Nd2 d5 6. Bd3 Be7 7. h3 Bd6 8. Ne2 e5 9. dxe5 Nxe5 10. Bc2 0-0 11. 0-0 Re8 12. Re1 b6 13. Ng3 Ng6 14. Bxd6 Qxd6 15. Nf3 Bb7 16. Nf5 Qc7 17. Rc1 Rad8 18. Qe2 Ne4 19. Nd2 Nf6 20. Bb1 Qd7 21. Ng3 d4 22. cxd4 cxd4 23. Bf5 Qd6 24. Bxg6 hxg6 25. e4 Qf4 26. Qd3 Nd7 27. Ne2 Qf6 28. f4 Nc5 29. Rxc5 bxc5 30. b3 Ba6 31. Nc4 Bxc4 32. bxc4 Rb8 33. Nc1 Qxf4 34. Nb3 Qe5 35. Na5 Rb2 36. Qa3 d3 37. Qxd3 Qd4+ 38. Qxd4 cxd4 39. Nc6 d3 40. Rd1 d2 41. Nd4 Rxe4 42. Nf3 Rxc4 43. Nxd2 Rd4 0-1

[Event "FIDE World Rapid-ch Open 2018"]
[White "khayat, Abdullah F"]
[Black "Al Turky, Fahad A"]
[Site "St. Petersburg"]
[Round "6.101"]
[Annotator "NA"]
[Result "0-1"]
[Date "2018.12.27"]
[WhiteElo "1723"]
[BlackElo "1836"]
[PlyCount "98"]
[TimeControl "900+10"]

1. Nf3 d5 2. d4 Nf6 3. g3 c5 4. c3 Nc6 5. Bg2 e6 6. 0-0 Bd6 7. Nbd2 0-0 8. Re1 h6 9. e4 dxe4 10. Nxe4 Nxe4 11. Rxe4 b6 12. Re2 Ba6 13. Re1 Rc8 14. Qa4 Bb7 15. Ne5 Bxe5 16. dxe5 Qc7 17. Bf4 Rfd8 18. Rad1 Na5 19. b4 Bxg2 20. Kxg2 cxb4 21. cxb4 Nc4 22. Rc1 Qb7+ 23. Kg1 Nb2 24. Qa3 Rxc1 25. Rxc1 Nd3 26. Rd1 Qf3 27. Rf1 Qg4 28. f3 Qf5 29. Rd1 g5 30. g4 Qxf4 31. Rxd3 Rxd3 32. Qxd3 Qxe5 33. a3 Kg7 34. h3 Qg3+ 35. Kf1 Qxh3+ 36. Ke2 Qh2+ 37. Kd1 Qe5 38. Kc1 Qa1+ 39. Kd2 Qa2+ 40. Kc1 Qa1+ 41. Kd2 Qe5 42. Kc1 Kf6 43. Kd2 Qd5 44. Qxd5 exd5 45. Kd3 Ke5 46. a4 a6 47. Ke3 a5 48. b5 f5 49. gxf5 {[%emt 0:0:2] Ke6 } h5 0-1